 Dungeon Crawl Stone Soup version 0.32-a0-859-gb0a091d592 (webtiles) character file.

Game seed: 4639033690848867692

228 gelatine the Trooper (level 5, -2/41 HPs)
             Began as a Demonspawn Fighter on Mar 28, 2024.
             Succumbed to a water moccasin's poison
             ... on level 4 of the Dungeon.
             The game lasted 00:08:23 (3201 turns).

gelatine the Trooper (Demonspawn Fighter)           Turns: 3201, Time: 00:08:24

Health: -2/41      AC: 12    Str: 18    XL:     5   Next: 71%
Magic:  5/5        EV:  9    Int:  9    God:
Gold:   136        SH:  4    Dex: 12    Spells: 4/4 levels left

rFire   . .          .
                       - Unarmed
rCold   . . .        c - +0 buckler
rNeg    . . .        m - +5 ring mail "Jydoen" {SInv}
rPois   .            (no helmet)
rElec   .            (no cloak)
rCorr   .            (no gloves)
SInv    +            (no boots)
Will    .....        (no amulet)
Stlth   +            (no ring)
HPRegen 0.26/turn    (no ring)
MPRegen 0.09/turn

%: no passive effects
@: lethally poisoned (-2 -> -18)
A: claws 2, sharp scales 2
a: no special abilities


You were on level 4 of the Dungeon.
You visited 1 branch of the dungeon, and saw 4 of its levels.

You collected 136 gold pieces.

Inventory:

Hand Weapons
 a - a +0 war axe
Missiles
 l - 2 throwing nets (quivered)
Armour
 b - a +0 scale mail
 c - a +0 buckler (worn)
 e - a +0 plate armour
 m - the +5 ring mail "Jydoen" (worn) {SInv}
   (You found it on level 2 of the Dungeon)

   SInv:      It lets you see invisible.
Jewellery
 f - an amulet of magic regeneration
Wands
 p - a wand of paralysis (9)
 r - a wand of iceblast (3)
Scrolls
 i - a scroll of revelation {unknown}
 j - 2 scrolls of teleportation
 k - a scroll of enchant armour {unknown}
 n - a scroll of fear {unknown}
 o - 2 scrolls of summoning {unknown}
 s - a scroll of amnesia {unknown}
 t - 3 scrolls of fog {unknown}
Potions
 g - 2 potions of mutation
 h - 3 potions of degeneration
 q - a potion of cancellation
 u - a potion of lignification


   Skills:
 + Level 3.5 Fighting
 + Level 2.5 Axes
 + Level 3.4 Armour
 + Level 1.7 Dodging
 * Level 1.2 Stealth
 + Level 3.0 Shields
 + Level 2.1 Unarmed Combat
 * Level 1.0 Evocations


You had 4 spell levels left.
You didn't know any spells.
Your spell library contained the following spells:

 Spells                   Type           Power      Damage    Failure   Level
 Scorch                   Fire           0%         2d5       80%         2
 Flame Wave               Conj/Fire      0%         2d4       100%        4
 Summon Cactus Giant      Summ           0%         N/A       100%        6


Dungeon Overview and Level Annotations

Branches:
Dungeon (4/15)
 Temple: D:4-7

Altars:
Gozag
Trog
Uskayaw

Annotations:
D:4 Blork the orc


Innate Abilities, Weirdness & Mutations

You have very sharp fingernails.
You are mostly covered in razor-sharp scales. (AC +2, Slay +2)


Message History

You feel very sick.
The water moccasin bites you but does no damage.
You miss the water moccasin.
The water moccasin is heavily wounded.
You feel sick. The water moccasin bites you.
The water moccasin bites you but does no damage.
You miss the water moccasin.
The water moccasin is heavily wounded.
You feel sick. The water moccasin closely misses you.
You scratch the water moccasin but do no damage.
The water moccasin is heavily wounded.
You feel sick. The water moccasin bites you.
You scratch the water moccasin.
The water moccasin is heavily wounded.
You feel sick. The water moccasin bites you.
You are more poisoned.
The water moccasin poisons you! The water moccasin barely misses you.
You barely miss the water moccasin.
The water moccasin is heavily wounded.
You feel very sick. The water moccasin barely misses you.
You claw the water moccasin!
The water moccasin is almost dead.
You feel very sick.
The water moccasin bites you but does no damage.
The water moccasin bites you.
You are lethally poisoned!
The water moccasin poisons you!
You barely miss the water moccasin.
The water moccasin is almost dead.
* * * LOW HITPOINT WARNING * * *
You feel very sick. The water moccasin bites you!
* * * LOW HITPOINT WARNING * * *
Unknown command.
Okay, then.
Okay, then.
You scratch the water moccasin but do no damage.
The water moccasin is almost dead.
You die...

##########.##.#
#...^.≈≈^.
#......#
#....###..
#.#.####
#...≈^# ..
#.#.# #.§§..^.
#.#.# #.......(
#.#.# #..<..^^.
#.#.######
#.#......#
#.#@.###....
#.S.## . #..##
...# #..# ...#
#.#. #..


You could see a water moccasin.

Vanquished Creatures
  A hound (D:4)
  Natasha (thrice) (D:3)
  4 adders
  4 dart slugs
  3 ribbon worms
  An orc (D:4)
  A ball python (D:2)
  5 bats
  6 endoplasms
  3 giant cockroaches
  5 hobgoblins
  11 jackals
  8 kobolds
  4 quokkas
  6 frilled lizards
  5 goblins
  3 rats
73 creatures vanquished.

Notes
Turn   | Place    | Note
-------+----------+-------------------------------------------
     0 | D:1      | gelatine the Demonspawn Fighter began the quest for the
                  | Orb.
     0 | D:1      | Reached XP level 1. HP: 18/18 MP: 1/1
   106 | D:1      | Gained mutation: You are partially covered in razor-sharp
                  | scales. (AC +1, Slay +1) [demonic ancestry]
   106 | D:1      | Reached XP level 2. HP: 18/24 MP: 2/2
   897 | D:2      | Identified the +5 ring mail "Jydoen" {SInv}
   946 | D:2      | Gained mutation: You have sharp fingernails. [demonic
                  | ancestry]
   946 | D:2      | Reached XP level 3. HP: 26/29 MP: 3/3
  1045 | D:2      | Reached skill level 1 in Dodging
  1148 | D:2      | Gained mutation: You have very sharp fingernails. [demonic
                  | ancestry]
  1148 | D:2      | Reached XP level 4. HP: 35/35 MP: 4/4
  1753 | D:3      | Reached skill level 1 in Unarmed Combat
  2000 | D:3      | Found a hide-covered altar of Uskayaw.
  2011 | D:3      | Noticed Natasha
  2019 | D:3      | Killed Natasha
  2143 | D:3      | Gained mutation: You are mostly covered in razor-sharp
                  | scales. (AC +2, Slay +2) [demonic ancestry]
  2143 | D:3      | Reached XP level 5. HP: 31/41 MP: 5/5
  2292 | D:3      | Noticed Natasha
  2302 | D:3      | Killed Natasha
  2667 | D:3      | Noticed Natasha
  2674 | D:3      | Killed Natasha
  2675 | D:3      | Reached skill level 1 in Stealth
  2704 | D:4      | Found a bloodstained altar of Trog.
  2784 | D:4      | Noticed Blork the orc
  3104 | D:4      | Reached skill level 1 in Evocations
  3123 | D:4      | Found an opulent altar of Gozag.
  3186 | D:4      | Noticed a water moccasin
  3200 | D:4      | HP: 2/41 [water moccasin (7)]
  3201 | D:4      | Succumbed to a water moccasin's poison

Illustrated notes

Levels and vault maps discovered:
D:1:      minmay_arrival_glassed_features, layout_basic, serial_park_tiny_1
D:2:      layout_rooms
D:3:      layout_basic, nicolae_uskayaw_murder_on_the_dancefloor,
          minmay_misc_feat_four_crosses, uniq_natasha
D:4:      layout_basic, grunt_gozag_breadcrumbs, nemelex_spade_bored_becter,
          mainiacjoe_overflow_cross_hatched, grunt_qazlal_sundering,
          uniq_blork_the_orc

Skill      XL: |  1  2  3  4  5 |
---------------+----------------+-----
Axes           | 2 |  2.5
Armour         | 3 |  3.4
Dodging        | 1 |  1.7
Unarmed Combat | 1 2 |  2.1
Shields        | 3 |  3.0
Stealth        | 1 |  1.2
Evocations     | 1 |  1.0
Fighting       | |  3.5

Action                     |  1- 3 |  4- 6 || total
---------------------------+-------+-------++-------
  Melee: War axe           |    74 |       ||    74
         Unarmed           |    75 |   155 ||   230
    Use: Scroll            |       |     5 ||     5
         Potion            |       |     1 ||     1
 Armour: Scale mail        |    48 |       ||    48
         Ring mail         |    83 |    89 ||   172
  Dodge: Dodged            |   108 |    87 ||   195
  Block: Buckler           |    38 |    29 ||    67

Table legend: (Time is in decaauts)
 A = Elapsed time spent in this place.
 B = Non-inter-level travel time spent in this place.
 C = Inter-level travel time spent in this place.
 D = Time resting spent in this place.
 E = Time spent auto-exploring this place.
 F = Levels seen in this place.
 G = Mean time per level.
                   A        B        C        D        E       F      G
               +--------+--------+--------+--------+--------+-----+--------+
         Total |   3244 |   2941 |    303 |      0 |   2223 |   4 |  811.0 |
       Dungeon |   3244 |   2941 |    303 |      0 |   2223 |   4 |  811.0 |
               +--------+--------+--------+--------+--------+-----+--------+

Top non-repeatable levels by time:
     D:3: 1097 daAuts
     D:1: 914 daAuts
     D:2: 725 daAuts
     D:4: 507 daAuts
